 Dungeon Crawl Stone Soup version 0.22-a0-605-g9281fa2 (webtiles) character file.

5 Amnesiac the Ducker (level 1, -1/9 HPs)
             Began as a Spriggan Transmuter on July 8, 2018.
             Slain by a hobgoblin (3 damage)
             ... on level 1 of the Dungeon.
             The game lasted 00:00:19 (275 turns).

Amnesiac the Ducker (Spriggan Transmuter)            Turns: 275, Time: 00:00:20

Health: -1/9       AC:  2    Str:  6    XL:     1   Next: 66%
Magic:  4/5        EV: 18    Int: 14    God:
Gold:   21         SH:  0    Dex: 16    Spells: 4/5 levels left

rFire    . . .     SeeInvis +     - Unarmed
rCold    . . .     Gourm    .   (shield restricted)
rNeg     . . .     Faith    .   b - +0 robe
rPois    .         Spirit   .   (helmet restricted)
rElec    .         Reflect  .   (no cloak)
rCorr    .         Harm     .   (gloves unavailable)
MR       .....                  (boots unavailable)
Stlth    +.........             (no amulet)
HPRegen  0.03/turn              (no ring)
MPRegen  0.09/turn              (no ring)

@: appendage, very quick
A: very small, unfitting armour, talons 3, see invisible, herbivore, speed 3,
slow metabolism 2
a: End Transformation


You were on level 1 of the Dungeon.
You were not hungry.
You had grown temporary talons.
You visited 1 branch of the dungeon, and saw 1 of its levels.

You collected 21 gold pieces.

Inventory:

Missiles
 a - 12 arrows
Armour
 b - a +0 robe (worn)
Comestibles
 d - a ration


   Skills:
 + Level 0.9 Fighting
 + Level 3.1 Dodging
 + Level 2.4 Unarmed Combat
 + Level 2.8 Spellcasting
 + Level 2.8 Transmutations


You had 4 spell levels left.
You knew the following spells:

 Your Spells              Type           Power        Failure   Level  Hunger
a - Beastly Appendage     Tmut           ##....       7%          1    #......

Your spell library contained the following spells:

 Spells                   Type           Power        Failure   Level  Hunger
 Spider Form              Tmut/Pois      #.........   36%         3    ###....
 Blade Hands              Tmut           ##........   88%         5    ######.
 Ice Form                 Ice/Tmut       #.......     77%         4    #####..
 Sticks to Snakes         Tmut           ##......     11%         2    ###....


Dungeon Overview and Level Annotations

Branches:
Dungeon (1/15)

Altars:


Innate Abilities, Weirdness & Mutations

You are very small and have problems with some larger weapons.
You are too small for most types of armour.
You have supernaturally acute eyesight. (SInv)
You are a herbivore.
You cover ground extremely quickly.
You need to consume almost no food.
You have claws for feet.


Message History

Casting: Beastly Appendage (safe; 7% risk of failure)
Confirm with . or Enter, or press ? or * to list all spells.
Your feet morph into talons.
The hobgoblin hits you.
Found a stone staircase leading down.
You closely miss the hobgoblin. You claw the hobgoblin.
The hobgoblin is heavily wounded.
The hobgoblin misses you.
You hit the hobgoblin but do no damage.
The hobgoblin is heavily wounded.
Your transformation is almost over.
The hobgoblin misses you.
You hit the hobgoblin.
You kill the hobgoblin!
The hobgoblin misses you.
You completely miss the hobgoblin. You claw the hobgoblin.
The hobgoblin is heavily wounded.
The hobgoblin closely misses you.
You closely miss the hobgoblin.
You claw the hobgoblin, but do no damage.
The hobgoblin is heavily wounded.
The hobgoblin closely misses you.
You barely miss the hobgoblin.
The hobgoblin is heavily wounded.
A hobgoblin comes into view.
The hobgoblin shouts!
You hit the hobgoblin.
You kill the hobgoblin!
You see here a club.
The hobgoblin completely misses you.
You closely miss the hobgoblin.
Your talons disappear.
A hobgoblin comes into view.
The hobgoblin closely misses you.
You hit the hobgoblin.
The hobgoblin is moderately wounded.
A hobgoblin comes into view. It is wielding a club.
The hobgoblin throws a stone.
The stone hits you but does no damage. The hobgoblin hits you.
* * * LOW HITPOINT WARNING * * *
You barely miss the hobgoblin.
The hobgoblin is moderately wounded.
The hobgoblin shouts!
The hobgoblin throws a stone.
The stone completely misses you. The hobgoblin barely misses you.
You hit the hobgoblin but do no damage.
The hobgoblin is moderately wounded.
The hobgoblin throws a stone.
The stone misses you. The hobgoblin completely misses you.
You hit the hobgoblin but do no damage.
The hobgoblin is moderately wounded.
The hobgoblin throws a stone.
The stone completely misses you.
Casting: Beastly Appendage (safe; 7% risk of failure)
Confirm with . or Enter, or press ? or * to list all spells.
Your feet morph into talons.
The hobgoblin misses you.
You hit the hobgoblin but do no damage. You claw the hobgoblin.
The hobgoblin is severely wounded.
The hobgoblin hits you.
* * * LOW HITPOINT WARNING * * *
You barely miss the hobgoblin.
You claw the hobgoblin, but do no damage.
The hobgoblin is severely wounded.
The hobgoblin hits you.
You die...

##.....####
####.....# ##......#
###########...(...##
#>..!$....#.#......#
#.........#.#.....##
#......(..........#
#........)..#.....#
#........@.##.....#
#.......(g.########
#...$..$.gg.....
#########.......
#........ #........
......... ###......
.....


You could see 3 hobgoblins.

Vanquished Creatures
  A goblin (D:1)
  3 hobgoblins (D:1)
4 creatures vanquished.

Notes
Turn   | Place    | Note
-------+----------+-------------------------------------------
     0 | D:1      | Amnesiac the Spriggan Transmuter began the quest for the Orb.
     0 | D:1      | Reached XP level 1. HP: 9/9 MP: 5/5
   275 | D:1      | Slain by a hobgoblin

Vault maps used:
D:1:      shiori_arrival_elements

Action                   || total
-------------------------++-------
Melee: Unarmed           ||    23
       Kick              ||     7
       Headbutt          ||     1
 Cast: Beastly Appendage ||     4
Dodge: Dodged            ||    17

Table legend:
 A = Spawn XP
 B = Non-spawn XP
 C = Spawn XP percentage of total XP
 D = Spawn monster count
 E = Non-spawn monster count
 F = Spawn count percentage of total count
 G = Total turns spent on level
                    A         B        C        D         E        F      G
               +---------+---------+-------+---------+---------+-------+---------
         Total |       0 |       8 |   0.0 |       0 |       4 |   0.0 |   275
               +---------+---------+-------+---------+---------+-------+---------
           D:1 |       0 |       8 |   0.0 |       0 |       4 |   0.0 |   275
               +---------+---------+-------+---------+---------+-------+---------
